Map: Dusk Towers

Players

Deadpool - Winner!

  • Race: Terran Terran
  • League: Platinum

A.I. 1 (Very Easy)

  • Race: Terran Terran

VOD

Have the link to the VOD?

Description

Time

  • Played on: March 24, 2016, 10:46 p.m.
  • Length: 11:20
Show
View Real Time Build Order
Export as new Build Order

Deadpool Terran - Winner!

Build Orders: Hellion Opening, Reaper Expand, Bio Tank 

Get SALT Encoding   

  12  0:01  SCV  
  13  0:16  SCV  
  13  0:18  Supply Depot  
  14  0:28  SCV  
  15  0:40  SCV  
  15  0:42  Barracks  
  16  0:46  Refinery  
  16  0:52  SCV  
  17  1:04  SCV  
  18  1:16  SCV  
  19  1:31  Orbital Command  
  19  1:33  Supply Depot, Reaper  
  20  1:52  Command Center  
  20  1:56  SCV  
  21  2:06  Marine  
  22  2:08  Factory  
  22  2:12  SCV  
  23  2:24  SCV, Barracks Reactor  
  23  2:28  Supply Depot  
  24  2:37  SCV  
  25  2:49  SCV  
  26  3:01  SCV  
  26  3:02  Starport  
  27  3:07  Hellion x2  
  31  3:12  Supply Depot  
  31  3:13  Refinery  
  31  3:14  SCV  
  31  3:16  Orbital Command  
  32  3:21  Barracks Tech Lab  
  32  3:26  SCV  
  33  3:31  Hellion x2  
  37  3:38  Viking, SCV  
  40  3:43  Supply Depot  
  40  3:50  SCV  
  40  3:51  SCV  
  40  3:55  Hellion  
  45  3:57  Hellion  
  46  4:03  Marine  
  46  4:06  Stimpack  
  47  4:18  Hellion x2  
  47  4:19  Viking  
  47  4:22  Supply Depot  
  53  4:24  SCV x2  
  55  4:35  Marine  
  55  4:36  SCV x2  
  58  4:40  Hellion x2  
  62  4:49  Supply Depot, Medivac  
  64  4:55  SCV x2  
  64  4:56  Barracks  
  64  4:58  Barracks  
  66  5:05  Hellion  
  66  5:06  Hellion  
  70  5:07  SCV x2  
  70  5:11  Refinery  
  70  5:12  Refinery  
  72  5:15  Supply Depot  
  72  5:17  Marine  
  72  5:19  SCV x2  
  75  5:21  Medivac  
  77  5:31  SCV x2, Hellion x2  
  83  5:37  Marine  
  84  5:43  SCV x2  
  84  5:44  Barracks Reactor  
  84  5:45  Barracks Reactor  
  84  5:49  Supply Depot  
  86  5:51  Starport Reactor  
  86  5:55  Hellion x2  
  90  5:57  SCV x2  
  90  6:02  Marine  
  93  6:12  Supply Depot  
  93  6:13  Engineering Bay  
  93  6:14  Engineering Bay  
  93  6:23  Marine x2  
  93  6:24  Command Center  
  93  6:25  Factory  
  95  6:29  Medivac x2  
  95  6:31  Factory Tech Lab  
  95  6:32  SCV  
  100  6:33  SCV  
  100  6:35  Supply Depot  
  101  6:41  Terran Infantry Armor Level 1, Terran Infantry Weapons Level 1  
  101  6:45  Supply Depot  
  101  6:46  Marauder  
  103  6:47  Marine x2  
  103  6:48  Marine  
  103  6:50  Marine  
  103  6:53  Siege Tank  
  110  6:58  SCV  
  110  6:59  SCV  
  112  7:02  Supply Depot  
  112  7:08  Supply Depot  
  112  7:09  Factory Tech Lab  
  112  7:11  SCV, Marauder  
  115  7:21  Barracks  
  115  7:22  Barracks  
  115  7:23  SCV x2  
  115  7:24  Barracks  
  115  7:28  Siege Tank  
  120  7:30  Siege Tank  
  120  7:36  Orbital Command  
  123  7:43  SCV x2  
  125  7:47  Armory  
  125  7:50  Supply Depot, Medivac  
  127  7:51  Medivac  
  127  7:52  Supply Depot  
  127  7:53  Marine  
  130  7:59  Marauder  
  130  8:00  Marine x3  
  130  8:02  Siege Tank  
  138  8:07  Siege Tank  
  138  8:09  SCV x2  
  138  8:11  SCV  
  144  8:18  Combat Shields  
  144  8:19  Marine x5  
  149  8:24  Medivac  
  151  8:29  Barracks Reactor x2  
  151  8:30  Marine x2  
  151  8:31  Refinery  
  151  8:32  Refinery  
  153  8:34  SCV x2  
  153  8:35  SCV  
  153  8:37  Marine  
  153  8:40  Siege Tank  
  160  8:51  Marine x6  
  160  8:53  Siege Tank  
  169  8:55  Supply Depot  
  169  8:56  Supply Depot  
  169  9:01  Medivac  
  171  9:07  Medivac  
  173  9:12  Marine x7  
  180  9:25  Marine x3  
  180  9:30  Marine  
  180  9:31  Marine x6  
  187  9:32  Marine  
  187  9:33  SCV x3  
  194  9:40  Siege Tank  
  194  9:44  Siege Tank  
  200  9:58  Command Center  
  200  10:34  Command Center x2  
  200  10:36  Command Center  
  200  10:49  Armory x2  
  200  10:50  Engineering Bay  
  200  10:51  Engineering Bay  
  200  10:56  Missile Turret x2  
  200  10:57  Missile Turret  
  200  10:58  Missile Turret  
  200  10:59  Missile Turret x2  
  200  11:00  Missile Turret  
Show
View Real Time Build Order
Export as new Build Order

A.I. 1 (Very Easy) Terran 

Build Orders:  

Get SALT Encoding   

  12  0:00  SCV  
  13  0:13  SCV  
  14  0:19  Supply Depot  
  14  0:37  Refinery  
  14  0:43  Barracks  
  14  1:02  Supply Depot  
  14  1:12  Refinery  
  14  1:32  Barracks Tech Lab  
  14  1:33  Orbital Command  
  14  1:50  Marine  
  15  1:59  SCV  
  16  2:12  SCV  
  17  2:24  SCV  
  18  2:32  Marine  
  18  2:36  SCV  
  20  2:48  SCV  
  21  3:00  SCV  
  22  3:15  Marauder  
  24  5:27  SCV  
  24  6:26  SCV  
  24  6:27  Marine  
  24  6:28  Supply Depot  
  24  6:29  Factory  
  26  6:34  Command Center  
  26  6:38  SCV  
  27  6:50  SCV  
  27  6:53  Supply Depot  
  28  7:00  Marine  
  29  7:02  SCV  
  26  7:17  Starport  
  26  7:33  Marine  
  27  7:47  SCV  
  28  7:54  SCV  
  28  7:55  Refinery, Starport Tech Lab  
  28  7:57  Refinery  
  29  8:01  SCV  
  30  8:06  Marine  
  30  8:09  SCV  
  32  8:13  Raven  
  32  8:16  SCV  
  35  8:23  SCV  
  36  8:30  SCV  
  37  8:37  SCV  
  37  8:39  Marine  
  39  8:44  SCV  
  40  8:52  SCV  
  41  8:56  Raven  
  41  8:59  SCV  
  44  9:06  SCV  
  45  9:12  Marauder  
  45  9:13  SCV  
  48  9:20  SCV  
  49  9:27  SCV  
  50  9:34  SCV  
  51  10:11  Marine  
  44  10:42  SCV  
  45  10:44  Supply Depot  
  45  10:49  SCV  
  28  11:00  Supply Depot  
  26  11:05  Supply Depot  
Tags
 
Add a new tag
Caveats
  • Supply blocks, unpowered buildings, or Contaminate may cause inaccurate times.
  • Supply counts are checked every 10 seconds.